SAA
IRVING BLUE SOX @ MINNESOTA LOONS
09/03/2029
 
TOP OF THE 1ST
Irving Blue Sox batting - Pitching for Minnesota Loons : LHP Homer Robertson
Pitching: LHP Homer Robertson
Batting: RHB Cisco Hernández 0-0: Called Strike
0-1: Called Strike
0-2: Strikes out swinging
Batting: SHB John Clayton 0-0: Ball
1-0: Fly out, F9 (Flyball, 9)
Batting: RHB Scott Donlan 0-0: Called Strike
0-1: Foul Ball, location: 2F
0-2: Ball
1-2: Ball
2-2: Strikes out swinging
Top of the 1st over - 0 runs, 0 hits, 0 errors, 0 left on base; Irving 0 - Minnesota 0
BOTTOM OF THE 1ST
Minnesota Loons batting - Pitching for Irving Blue Sox : RHP Don Blessing
Pitching: RHP Don Blessing
Batting: SHB António Zúñiga 0-0: Called Strike
0-1: Ground out 6-3 (Groundball, 6)
Batting: RHB Jorge Arreola 0-0: Ball
1-0: Ball
2-0: Ball
3-0: Called Strike
3-1: Base on Balls
Batting: LHB Juan Aranda 0-0: Ball
1-0: Foul Ball, location: 2F
1-1: Swinging Strike
1-2: Ball
2-2: DOUBLE (Line Drive, 7LS)
Jorge Arreola to third
Runner from 3rd tries for Home, SAFE, no throw
Batting: LHB Rim Hong-Do 0-0: Ball
1-0: Ball
2-0: Foul Ball, location: 2F
2-1: Swinging Strike
2-2: Fly out, F8 (Flyball, 8RD)
Batting: RHB José Mercado 0-0: Ball
1-0: Foul Ball, location: 2F
1-1: Ball
2-1: Swinging Strike
2-2: Ground out 4-3 (Groundball, 4)
Bottom of the 1st over - 1 run, 1 hit, 0 errors, 1 left on base; Irving 0 - Minnesota 1
TOP OF THE 2ND
Irving Blue Sox batting - Pitching for Minnesota Loons : LHP Homer Robertson
Batting: RHB Tom Boyer 0-0: Called Strike
0-1: Ball
1-1: Called Strike
1-2: Foul Ball, location: 2F
1-2: Ball
2-2: Ball
3-2: Base on Balls
Batting: LHB Myron Rosenbalm 0-0: Ball
1-0: Called Strike
1-1: Ball
2-1: Ball
3-1: Foul Ball, location: 2F
3-2: Strikes out looking
Batting: RHB Sung-min Pae 0-0: Ball
1-0: Foul Ball, location: 2F
1-1: Called Strike
Tom Boyer steals 2nd base
1-2: Foul Ball, location: 2F
1-2: Foul Ball, location: 2F
1-2: Strikes out swinging
Batting: RHB Tommy Caplinger 0-0: Foul Ball, location: 2F
0-1: Ball
1-1: Ball
2-1: Ball
3-1: Base on Balls
Batting: RHB Enrique Gómez 0-0: Ball
1-0: Foul Ball, location: 2F
1-1: Ball
2-1: Foul Ball, location: 2F
2-2: Strikes out looking
Top of the 2nd over - 0 runs, 0 hits, 0 errors, 2 left on base; Irving 0 - Minnesota 1
BOTTOM OF THE 2ND
Minnesota Loons batting - Pitching for Irving Blue Sox : RHP Don Blessing
Batting: RHB Germán Espantoso 0-0: Called Strike
0-1: DOUBLE (Groundball, 5L)
Batting: RHB Jorge Echevarría 0-0: Called Strike
0-1: Foul Ball, location: 2F
0-2: Strikes out swinging
Batting: RHB Dhyana Snigdha 0-0: Foul Ball, location: 2F
0-1: Ball
1-1: Ball
Wild Pitch!
Germán Espantoso to third
2-1: Ground out 4-3 (Groundball, 4)
Germán Espantoso scores
Batting: RHB Tabor Muzquiz 0-0: Ball
1-0: Swinging Strike
1-1: Foul Ball, location: 2F
1-2: Ball
2-2: Foul Ball, location: 2F
2-2: Foul Ball, location: 2F
2-2: Ball
3-2: Foul Ball, location: 2F
3-2: Base on Balls
Batting: SHB António Zúñiga 0-0: Swinging Strike
0-1: Called Strike
0-2: Strikes out swinging
Bottom of the 2nd over - 1 run, 1 hit, 0 errors, 1 left on base; Irving 0 - Minnesota 2
TOP OF THE 3RD
Irving Blue Sox batting - Pitching for Minnesota Loons : LHP Homer Robertson
Batting: RHB António Macías 0-0: Foul Ball, location: 2F
0-1: Fly out, F9 (Flyball, 9LSF)
Batting: RHB Cisco Hernández 0-0: Called Strike
0-1: Ball
1-1: Foul Ball, location: 2F
1-2: Strikes out swinging
Batting: SHB John Clayton 0-0: Ball
1-0: Ball
2-0: Foul Ball, location: 2F
2-1: Ball
3-1: Called Strike
3-2: Base on Balls
Batting: RHB Scott Donlan 0-0: Called Strike
0-1: Ball
1-1: Foul Ball, location: 2F
1-2: Ground out 4-3 (Groundball, 4)
Top of the 3rd over - 0 runs, 0 hits, 0 errors, 1 left on base; Irving 0 - Minnesota 2
BOTTOM OF THE 3RD
Minnesota Loons batting - Pitching for Irving Blue Sox : RHP Don Blessing
Batting: RHB Jorge Arreola 0-0: Ball
1-0: SINGLE (Line Drive, 7S)
Batting: LHB Juan Aranda 0-0: DOUBLE (Line Drive, 9LS)
Jorge Arreola to third
Batting: LHB Rim Hong-Do 0-0: Called Strike
0-1: Ball
1-1: Ball
2-1: DOUBLE (Groundball, 3L)
Jorge Arreola scores
Juan Aranda scores
Batting: RHB José Mercado 0-0: Ball
1-0: Ball
2-0: Ground out 6-3 (Groundball, 6)
Batting: RHB Germán Espantoso 0-0: Ball
1-0: SINGLE (Line Drive, 6MD)
Rim Hong-Do to third
Batting: RHB Jorge Echevarría 0-0: Foul Ball, location: 2F
0-1: Ball
1-1: Foul Ball, location: 2F
Pickoff Throw to First - Error! E1
Rim Hong-Do scores
Germán Espantoso to second
1-2: Ball
2-2: Strikes out looking
Batting: RHB Dhyana Snigdha 0-0: Foul Ball, location: 2F
0-1: DOUBLE (Flyball, 8RXD)
Germán Espantoso scores
Batting: RHB Tabor Muzquiz 0-0: Ball
1-0: Fly out, F3 (Flyball, 34D)
Bottom of the 3rd over - 4 runs, 5 hits, 1 error, 1 left on base; Irving 0 - Minnesota 6
TOP OF THE 4TH
Irving Blue Sox batting - Pitching for Minnesota Loons : LHP Homer Robertson
Batting: RHB Tom Boyer 0-0: Foul Ball, location: 2F
0-1: Ball
1-1: Called Strike
1-2: Ball
2-2: DOUBLE (Line Drive, 89D)
Batting: LHB Myron Rosenbalm 0-0: Ball
1-0: Called Strike
Tom Boyer steals 3rd base
1-1: Foul Ball, location: 2F
1-2: Ball
2-2: Ground out U3 (Groundball, 3L)
Batting: RHB Sung-min Pae 0-0: Ground out 4-3 (Groundball, 4)
Tom Boyer scores
Batting: RHB Tommy Caplinger 0-0: Called Strike
0-1: Foul Ball, location: 2F
0-2: Ground out 6-3 (Groundball, 56)
Top of the 4th over - 1 run, 1 hit, 0 errors, 0 left on base; Irving 1 - Minnesota 6
BOTTOM OF THE 4TH
Minnesota Loons batting - Pitching for Irving Blue Sox : RHP Don Blessing
Batting: SHB António Zúñiga 0-0: Fly out, F9 (Flyball, 9LM)
Batting: RHB Jorge Arreola 0-0: Foul Ball, location: 2F
0-1: Ball
1-1: Foul Ball, location: 2F
1-2: Ball
2-2: Ball
3-2: Foul Ball, location: 2F
3-2: Ground out 5-3 (Groundball, 56)
Batting: LHB Juan Aranda 0-0: Swinging Strike
0-1: Ball
1-1: Foul Ball, location: 2F
1-2: SOLO HOME RUN (Flyball, 9LD), Distance : 356 ft
Batting: LHB Rim Hong-Do 0-0: Ball
1-0: Ball
2-0: Called Strike
2-1: Foul Ball, location: 2F
2-2: Foul Ball, location: 2F
2-2: Ball
3-2: Foul Ball, location: 2F
3-2: Base on Balls
Batting: RHB José Mercado 0-0: Ball
1-0: Ball
2-0: Ball
3-0: Fielders Choice at 2nd, 5-4 (Groundball, 56)
Bottom of the 4th over - 1 run, 1 hit, 0 errors, 1 left on base; Irving 1 - Minnesota 7
TOP OF THE 5TH
Irving Blue Sox batting - Pitching for Minnesota Loons : LHP Homer Robertson
Batting: RHB Enrique Gómez 0-0: Foul Ball, location: 2F
0-1: Ball
1-1: Foul Ball, location: 2F
1-2: SINGLE (Groundball, 56S) (infield hit)
Batting: RHB António Macías 0-0: Ball
1-0: Called Strike
1-1: Foul Ball, location: 2F
1-2: Strikes out swinging
Batting: RHB Cisco Hernández 0-0: Foul Ball, location: 2F
0-1: Foul Ball, location: 2F
0-2: Fly out, F8 (Flyball, 78D)
Batting: SHB John Clayton 0-0: Called Strike
Enrique Gómez steals 2nd base
0-1: Ball
1-1: Fly out, F9 (Flyball, 9LM)
Top of the 5th over - 0 runs, 1 hit, 0 errors, 1 left on base; Irving 1 - Minnesota 7
BOTTOM OF THE 5TH
Minnesota Loons batting - Pitching for Irving Blue Sox : RHP Don Blessing
Batting: RHB Germán Espantoso 0-0: Ground out 5-3 (Groundball, 56)
Batting: RHB Jorge Echevarría 0-0: Ball
1-0: Ball
2-0: Ball
3-0: Base on Balls
Batting: RHB Dhyana Snigdha 0-0: Ball
1-0: SINGLE (Groundball, 56D)
Jorge Echevarría to second
Batting: RHB Tabor Muzquiz 0-0: Swinging Strike
0-1: Called Strike
0-2: Ball
1-2: Ball
2-2: Ball
3-2: Foul Ball, location: 2F
3-2: Grounds into double play, 4-6-3 (Groundball, 34)
Bottom of the 5th over - 0 runs, 1 hit, 0 errors, 1 left on base; Irving 1 - Minnesota 7
TOP OF THE 6TH
Irving Blue Sox batting - Pitching for Minnesota Loons : LHP Homer Robertson
Batting: RHB Scott Donlan 0-0: Called Strike
0-1: Foul Ball, location: 2F
0-2: Ball
1-2: Strikes out looking
Batting: RHB Tom Boyer 0-0: Called Strike
0-1: Swinging Strike
0-2: Ball
1-2: Ball
2-2: Ground out 6-3 (Groundball, 6)
Batting: LHB Myron Rosenbalm 0-0: Foul Ball, location: 2F
0-1: Ball
1-1: Foul Ball, location: 2F
1-2: Ground out 4-3 (Groundball, 4)
Top of the 6th over - 0 runs, 0 hits, 0 errors, 0 left on base; Irving 1 - Minnesota 7
BOTTOM OF THE 6TH
Minnesota Loons batting - Pitching for Irving Blue Sox : RHP Don Blessing
Batting: SHB António Zúñiga 0-0: Ball
1-0: Swinging Strike
1-1: Ball
2-1: SINGLE (Line Drive, 5)
Batting: RHB Jorge Arreola 0-0: Ball
1-0: Ball
António Zúñiga steals 2nd base
2-0: Called Strike
António Zúñiga steals 3rd base
2-1: Foul Ball, location: 2F
2-2: SINGLE (Groundball, 6D)
António Zúñiga scores
Pitching: RHP Martin Besnier
Batting: LHB Juan Aranda 0-0: Ball
1-0: Ball
2-0: Ball
3-0: Called Strike
3-1: Base on Balls
Jorge Arreola to second
Batting: LHB Rim Hong-Do 0-0: Foul Ball, location: 2F
0-1: Ball
1-1: Foul Ball, location: 2F
1-2: Strikes out swinging
Batting: RHB José Mercado 0-0: Fly out, F7 (Flyball, 78S)
Batting: RHB Germán Espantoso 0-0: Called Strike
0-1: Called Strike
0-2: SINGLE (Line Drive, 78S)
Jorge Arreola to third
Juan Aranda to second
Runner from 3rd tries for Home, SAFE, no throw
Batting: RHB Jorge Echevarría 0-0: Called Strike
0-1: Ball
1-1: Ball
2-1: Foul Ball, location: 2F
2-2: Foul Ball, location: 2F
2-2: Foul Ball, location: 2F
2-2: Ball
3-2: Foul Ball, location: 2F
3-2: Base on Balls
Juan Aranda to third
Germán Espantoso to second
Batting: RHB Dhyana Snigdha 0-0: Ball
1-0: Called Strike
1-1: Fly out, F8 (Flyball, 8LD)
Bottom of the 6th over - 2 runs, 3 hits, 0 errors, 3 left on base; Irving 1 - Minnesota 9
TOP OF THE 7TH
Irving Blue Sox batting - Pitching for Minnesota Loons : LHP Homer Robertson
Batting: RHB Sung-min Pae 0-0: Fly out, F7 (Line Drive, 7D)
Batting: RHB Tommy Caplinger 0-0: Ball
1-0: Called Strike
1-1: Ball
2-1: Ball
3-1: Fly out, F6 (Popup, 56)
Batting: RHB Enrique Gómez 0-0: SINGLE (Groundball, 15) (infield hit)
Pitching: LHP Ramón Costello
Batting: RHB António Macías 0-0: Ground out 5-3 (Groundball, 56)
Top of the 7th over - 0 runs, 1 hit, 0 errors, 1 left on base; Irving 1 - Minnesota 9
BOTTOM OF THE 7TH
Minnesota Loons batting - Pitching for Irving Blue Sox : RHP Martin Besnier
Batting: RHB Tabor Muzquiz 0-0: Ground out 4-3 (Groundball, 4)
Batting: SHB António Zúñiga 0-0: Foul Ball, location: 2F
0-1: Ball
1-1: Ball
2-1: Fly out, F7 (Flyball, 7)
Batting: RHB Jorge Arreola 0-0: SINGLE (Line Drive, 8RS)
Batting: LHB Juan Aranda 0-0: Ball
1-0: SINGLE (Groundball, 4MD)
Jorge Arreola to second
Batting: LHB Rim Hong-Do 0-0: Called Strike
0-1: Hit by Pitch
Jorge Arreola to third
Juan Aranda to second
Batting: RHB José Mercado 0-0: Swinging Strike
0-1: Ball
1-1: Ball
2-1: Fly out, F9 (Flyball, 89S)
Bottom of the 7th over - 0 runs, 2 hits, 0 errors, 3 left on base; Irving 1 - Minnesota 9
TOP OF THE 8TH
Irving Blue Sox batting - Pitching for Minnesota Loons : LHP Ramón Costello
Batting: RHB Cisco Hernández 0-0: SINGLE (Line Drive, 56D)
Batting: SHB John Clayton 0-0: Ball
1-0: Called Strike
1-1: Ball
2-1: SINGLE (Line Drive, 6)
Cisco Hernández to second
Batting: RHB Scott Donlan 0-0: Ball
1-0: Called Strike
1-1: Foul Ball, location: 2F
1-2: Foul Ball, location: 2F
1-2: Ball
2-2: Foul Ball, location: 2F
2-2: Strikes out swinging
Batting: RHB Tom Boyer 0-0: Ball
1-0: Ball
2-0: Foul Ball, location: 2F
2-1: Swinging Strike
2-2: Ball
3-2: Grounds into double play, 4-6-3 (Groundball, 4)
Top of the 8th over - 0 runs, 2 hits, 0 errors, 1 left on base; Irving 1 - Minnesota 9
BOTTOM OF THE 8TH
Minnesota Loons batting - Pitching for Irving Blue Sox : RHP Martin Besnier
Batting: RHB Germán Espantoso 0-0: Ball
1-0: Called Strike
1-1: Ball
2-1: SINGLE (Flyball, 7S)
Batting: RHB Jorge Echevarría 0-0: Ball
1-0: Called Strike
1-1: Grounds into double play, 5-4-3 (Groundball, 5)
Batting: RHB Dhyana Snigdha 0-0: Ball
1-0: Ball
2-0: Ball
3-0: Base on Balls
Batting: RHB Tabor Muzquiz 0-0: Called Strike
Dhyana Snigdha steals 2nd base
0-1: SINGLE (Groundball, 4MD)
Dhyana Snigdha to third
Runner from 3rd tries for Home, SAFE, throw made home
Tabor Muzquiz to second
Batting: SHB António Zúñiga 0-0: Foul Ball, location: 2F
0-1: Called Strike
0-2: Ground out 6-3 (Groundball, 6)
Bottom of the 8th over - 1 run, 2 hits, 0 errors, 1 left on base; Irving 1 - Minnesota 10
TOP OF THE 9TH
Irving Blue Sox batting - Pitching for Minnesota Loons : LHP Ramón Costello
Batting: LHB Myron Rosenbalm 0-0: Foul Ball, location: 2F
0-1: Called Strike
0-2: Ball
1-2: Foul Ball, location: 2F
1-2: Foul Ball, location: 2F
1-2: Strikes out swinging
Batting: RHB Sung-min Pae 0-0: Called Strike
0-1: Swinging Strike
0-2: Ball
1-2: Ball
2-2: Strikes out looking
Batting: RHB Tommy Caplinger 0-0: Called Strike
0-1: Ball
1-1: SINGLE (Line Drive, 6D)
Batting: RHB Enrique Gómez 0-0: Called Strike
0-1: Fly out, F7 (Line Drive, 7)
Top of the 9th over - 0 runs, 1 hit, 0 errors, 1 left on base; Irving 1 - Minnesota 10
Tuesday, December 19th, 2017 - OOTP Baseball 18.8 Build 76